 Dungeon Crawl Stone Soup version 0.29-a0-885-gb26ba3297d (webtiles) character file.

Game seed: 17201965324685259090

766 jimonade the Trooper (level 8, 0/58 HPs)
             Began as a Djinni Fighter on July 21, 2022.
             Slain by Edmund
             ... wielding a +6 vorpal flail
              (7 damage)
             ... on level 5 of the Dungeon.
             The game lasted 00:07:51 (4025 turns).

jimonade the Trooper (Djinni Fighter)               Turns: 4025, Time: 00:07:52

Health: 0/58       AC:  9    Str: 15    XL:     8   Next: 8%
Gold:   204        EV:  6    Int: 11    God:
                   SH:  5    Dex: 14

rFire   + + .      SeeInvis .   a - +0 long sword
rCold   x . .      Faith    .   c - +0 buckler
rNeg    . . .      Spirit   .   p - +0 chain mail
rPois   ∞          Reflect  .   (no helmet)
rElec   .          Harm     .   (no cloak)
rCorr   .          Rampage  .   (no gloves)
Will    .....                   (boots unavailable)
Stlth   ..........              h - amulet of regeneration
HPRegen 0.99/turn               (no ring)
MPRegen 0.00/turn               (no ring)

@: flying
A: sickness immunity, fire resistance 2, cold vulnerability 1, float, innate
caster, HP casting, extra vitality 1
a: no special abilities


You were on level 5 of the Dungeon.
You visited 1 branch of the dungeon, and saw 5 of its levels.

You collected 204 gold pieces.

Inventory:

Hand Weapons
 a - a +0 long sword (weapon)
 m - a +0 spear
 q - a +0 dagger of draining
 r - a +2 dagger of flaming
 w - a +0 sling
 y - a +1 antimagic whip
Missiles
 j - 18 poisoned darts (quivered)
 A - 3 boomerangs
 E - a throwing net
Armour
 b - a +0 scale mail
 c - a +0 buckler (worn)
 p - a +0 chain mail (worn)
 v - a +2 leather armour of fire resistance
Magical Staves
 u - a staff of fire
Jewellery
 h - an amulet of regeneration (around neck)
 x - an amulet of faith
 I - a ring of resist corrosion
Scrolls
 e - 2 scrolls of acquirement {unknown}
 n - 2 scrolls of identify {unknown}
 o - 2 scrolls of magic mapping {unknown}
 s - a scroll of enchant weapon {unknown}
 t - a scroll of amnesia {unknown}
 B - a scroll of immolation {unknown}
 C - a scroll of noise {unknown}
 D - 2 scrolls of enchant armour {unknown}
 G - a scroll of vulnerability {unknown}
Potions
 d - a potion of might
 f - 2 potions of curing {unknown}
 g - a potion of degeneration {unknown}
 i - a potion of berserk rage {unknown}
 k - 2 potions of haste {unknown}
 l - a potion of lignification {unknown}
 z - a potion of cancellation {unknown}
 F - a potion of mutation {unknown}
 H - a potion of flight {unknown}


   Skills:
 * Level 4.9 Fighting
 + Level 4.4 Long Blades
 + Level 4.5 Armour
 + Level 1.4 Dodging
 + Level 4.1 Shields
 * Level 2.2 Spellcasting


You had 5 spell levels left.
You knew the following spells:

 Your Spells              Type           Power      Damage    Failure   Level
a - Foxfire               Conj/Fire      24%        2x1d5     95%         1
b - Call Imp              Summ           6%         N/A       99%         2
c - Lesser Beckoning      Tloc           6%         N/A       100%        3
Your spell library was empty.


Dungeon Overview and Level Annotations

Branches:
Dungeon (5/15)
 Temple: D:4-7

Altars:
Dithmenos
Gozag
Makhleb
Ru

Annotations:
D:5 Edmund


Innate Abilities, Weirdness & Mutations

You are immune to sickness and miasma.
You are immune to poison.
Your flesh is very heat resistant. (rF++)
You are vulnerable to cold. (rC-)
You float through the air rather than walking.
You learn spells naturally, not from books.
Your magical power is your life essence.
You have superior vitality. (+4 MHP)


Message History

A hound comes into view.
The hound barks!
You barely miss the hound. The hound bites you. You block the hound's attack.
Edmund the Younger comes into view.
He is wielding a +6 vorpal flail.
Edmund shouts!
You slash the hound!
The hound is heavily wounded.
You block the hound's attack. The hound closely misses you.
You slash the hound!
You kill the hound!
You see here a hound corpse.
Edmund says, "Everyone always remembers my brother. 'Who's Edmund?' they ask!"
Edmund says, "People think my brother is the best.
I think he's crazy."
You slash Edmund!
Edmund is moderately wounded.
Edmund hits you with a +6 vorpal flail! Edmund hits you with a +6 vorpal flail.
You barely miss Edmund.
Edmund is moderately wounded.
Edmund hits you with a +6 vorpal flail!
You hit Edmund but do no damage.
Edmund is moderately wounded.
Edmund hits you with a +6 vorpal flail!
You hit Edmund but do no damage.
Edmund is moderately wounded.
Edmund hits you with a +6 vorpal flail!
* * * LOW HITPOINT WARNING * * *
You are too injured to fight recklessly!
You slash Edmund!
Edmund is heavily wounded.
You block Edmund's attack. Edmund hits you but does no damage.
You are too injured to fight recklessly!
You hit Edmund but do no damage.
Edmund is heavily wounded.
Edmund hits you with a +6 vorpal flail!
* * * LOW HITPOINT WARNING * * *
x2 You are too injured to fight recklessly!
You barely miss Edmund.
Edmund is heavily wounded.
Edmund hits you with a +6 vorpal flail!
You die...

#..........
#####........# #
#........#
...........$.#.##.
#........#
###.............
#..<.....#
##.......†.......
#........#
#..#.............
##.##.#.##
....#..#######.....
#.##.#.#..## #.## ....
#.#......#### #@# ...
#....#......###@### ..
#....######.##....## .
##......####...(....#
#.....#..............#
..#...#########....#.#
.............<.........
###...#########.....>...
#...# #....##### ###...#
#....#


You could see Edmund.

Vanquished Creatures
  Sigmund (D:2)
  A phantom (D:4)
  2 hounds
  A jelly (D:3)
  An orc priest (D:3)
  5 iguanas (D:4)
  Terence (D:2)
  3 orc wizards
  5 adders
  3 gnolls
  2 worms
  5 dart slugs
  14 orcs
  3 ball pythons
  An endoplasm (D:4)
  5 giant cockroaches
  9 goblins
  8 hobgoblins
  4 jackals (D:2)
  3 quokkas
  3 bats
  3 frilled lizards
  6 kobolds
  4 rats
93 creatures vanquished.

Vanquished Creatures (others)
  6 fungi (D:4)
  8 plants (D:2)
14 creatures vanquished.

Grand Total: 107 creatures vanquished

Notes
Turn   | Place    | Note
-------+----------+-------------------------------------------
     0 | D:1      | jimonade the Djinni Fighter began the quest for the Orb.
     0 | D:1      | Reached XP level 1. HP: 20/20 MP: 0/0
   279 | D:1      | Found a faded altar of an unknown god.
   294 | D:1      | Reached XP level 2. HP: 20/25 MP: 0/0
   920 | D:2      | Noticed Terence
  1022 | D:2      | Reached XP level 3. HP: 19/30 MP: 0/0
  1022 | D:2      | Learned a level 1 spell: Foxfire
  1068 | D:2      | Killed Terence
  1107 | D:2      | Reached XP level 4. HP: 35/35 MP: 0/0
  1248 | D:2      | Found an opulent altar of Gozag.
  1455 | D:2      | Noticed Sigmund
  1476 | D:2      | Killed Sigmund
  1477 | D:2      | Reached skill level 1 in Spellcasting
  1477 | D:2      | Reached XP level 5. HP: 30/41 MP: 0/0
  1477 | D:2      | Learned a level 2 spell: Call Imp
  1477 | D:2      | Reached XP level 6. HP: 35/47 MP: 0/0
  2176 | D:3      | Found a burning altar of Makhleb.
  2296 | D:3      | Found a shadowy altar of Dithmenos.
  2591 | D:3      | Reached XP level 7. HP: 52/52 MP: 0/0
  2591 | D:3      | Learned a level 3 spell: Lesser Beckoning
  3352 | D:4      | Reached skill level 1 in Dodging
  3739 | D:4      | Found a sacrificial altar of Ru.
  3781 | D:4      | Reached XP level 8. HP: 49/58 MP: 0/0
  3948 | D:5      | Entered Level 5 of the Dungeon
  4005 | D:5      | Noticed Edmund
  4025 | D:5      | Slain by Edmund

Illustrated notes

Levels and vault maps discovered:
D:1:      dpeg_arrival_yet_another_circle, layout_basic, basic_ecumenical_altar
D:2:      layout_basic, basic_altar, serial_forest,
          infiniplex_forest_clump_large, infiniplex_forest_straight_5,
          infiniplex_forest_clump_medium, infiniplex_forest_clump_medium,
          infiniplex_forest_corner_2, minmay_crystal_water, roderic_lattice_a,
          uniq_sigmund, uniq_terence
D:3:      layout_rooms, nicolae_dithmenos_the_darkroom,
          mainiacjoe_overflow_paths
D:4:      layout_cave_pools, mainiacjoe_overflow_cross_hatched,
          serial_column_ruins, column_ruins_square_medium, column_ruins_grid_4,
          column_ruins_grid_1, column_ruins_open_medium,
          column_ruins_open_small, column_ruins_open_tiny
D:5:      layout_rooms, mainiacjoe_overflow_small_starburst, uniq_edmund

Skill      XL: |  1  2  3  4  5  6  7 |
---------------+----------------------+-----
Long Blades    | 2 3 4 |  4.4
Fighting       | 4 |  4.9
Spellcasting   | 1 2 |  2.2
Armour         | 4 |  4.5
Shields        | 4 |  4.1
Dodging        | 1 |  1.4

Action                   |  1- 3 |  4- 6 |  7- 9 || total
-------------------------+-------+-------+-------++-------
Melee: Long sword        |    82 |   133 |   152 ||   367
Armor: Scale mail        |    35 |       |       ||    35
       Chain mail        |       |    60 |    74 ||   134
Dodge: Dodged            |    25 |    41 |    50 ||   116
Block: Buckler           |    12 |    36 |    34 ||    82

Table legend: (Time is in decaauts)
 A = Elapsed time spent in this place.
 B = Non-inter-level travel time spent in this place.
 C = Inter-level travel time spent in this place.
 D = Time resting spent in this place.
 E = Time spent auto-exploring this place.
 F = Levels seen in this place.
 G = Mean time per level.
                   A        B        C        D        E       F      G
               +--------+--------+--------+--------+--------+-----+--------+
         Total |   4133 |   3880 |    253 |    337 |   2433 |   5 |  826.6 |
       Dungeon |   4133 |   3880 |    253 |    337 |   2433 |   5 |  826.6 |
               +--------+--------+--------+--------+--------+-----+--------+

Top non-repeatable levels by time:
     D:2: 1450 daAuts
     D:4: 912 daAuts
     D:1: 859 daAuts
     D:3: 829 daAuts
     D:5: 80 daAuts
